 Dungeon Crawl Stone Soup version 0.19.1-1-g22dce08 (webtiles) character file.

18 Macro the Sneak (level 2, 0/17 HPs)
             Began as a Halfling Enchanter on Jan 13, 2017.
             Slain by a hobgoblin
             ... wielding a +0 club
              (5 damage)
             ... on level 1 of the Dungeon.
             The game lasted 00:06:08 (558 turns).

Macro the Sneak (Halfling Enchanter)                 Turns: 558, Time: 00:06:09

Health: 0/17       AC:  3    Str:  9    XL:     2   Next: 85%
Magic:  0/4        EV: 15    Int: 13    God:
Gold:   33         SH:  0    Dex: 14    Spells: 2 memorised, 1 level left

rFire  . . .     SeeInvis .     a - +1 dagger
rCold  . . .     Gourm    .     b - +1 robe
rNeg   . . .     Faith    .     (shield restricted)
rPois  .         Spirit   .     (no helmet)
rElec  .         Reflect  .     (no cloak)
rCorr  .         Harm     .     (no gloves)
MR     .....                    (no boots)
Stlth  ++........               (no amulet)
                                (no ring)
                                (no ring)

@: very slightly contaminated
A: mutation resistance 1
a: no special abilities


You were on level 1 of the Dungeon.
You were not hungry.

You visited 1 branch of the dungeon, and saw 1 of its levels.

You collected 33 gold pieces.

Inventory:

Hand Weapons
 a - a +1 dagger (weapon)
Armour
 b - a +1 robe (worn)
Scrolls
 e - a scroll of amnesia {unknown}
 f - 3 scrolls of remove curse {unknown}
 g - a scroll of random uselessness {unknown}
 h - a scroll of identify {unknown}
Books
 c - a book of Maledictions

   Spells                             Type                      Level
   a - Corona                         Hexes                        1
   b - Ensorcelled Hibernation        Hexes/Ice                    2
   c - Confuse                        Hexes                        3
   d - Tukima's Dance                 Hexes                        3
   e - Dazzling Spray                 Conjuration/Hexes            3
Comestibles
 d - a bread ration


   Skills:
 + Level 1.2 Short Blades
 + Level 2.5 Dodging
 + Level 3.6 Stealth
 + Level 1.6 Spellcasting
 + Level 2.6 Hexes
 + Level 0.2 Ice Magic


You had one spell level left.
You knew the following spells:

 Your Spells              Type           Power        Failure   Level  Hunger
a - Corona                Hex            #......      10%         1    ##.....
b - Ensorcelled Hibernat  Hex/Ice        #.....       24%         2    ###....


Dungeon Overview and Level Annotations

Branches:
Dungeon (1/15)

Altars:


Innate Abilities, Weirdness & Mutations

You are small and have problems with some larger weapons.
You are somewhat resistant to further mutation.


Message History

Aiming: Ensorcelled Hibernation
Press: ? - help, Shift-Dir - straight line, f - hobgoblin
Aim: a hobgoblin, wielding a club (hasn't noticed you, chance to defeat MR: 53%)
You miscast Ensorcelled Hibernation.
A chill runs through your body.
The hobgoblin shouts!
Casting: Ensorcelled Hibernation
Confirm with . or Enter, or press ? or * to list all spells.
Okay, then.
The hobgoblin hits you but does no damage.
You hit the hobgoblin but do no damage. The hobgoblin misses you.
You hit the hobgoblin.
The hobgoblin is heavily wounded.
The hobgoblin hits you with a club.
* * * LOW HITPOINT WARNING * * *
You hit the hobgoblin but do no damage.
The hobgoblin is heavily wounded.
You hit the hobgoblin but do no damage.
The hobgoblin is heavily wounded.
The hobgoblin hits you with a club.
You die...

............ ##. ...# #.#..####
.....###.### ... ##..###.#....##
.....# # #.# #...........+.
.#.#.###.# #.# #..#####....##
.........# # #.####..#####....#
.#...##### #.##....((.).)......##
.#...#### #.....#####........#..
........#######..#####........#..
.........).....g@....+........+..
.#(.##..#######..##.##........#.(
.#..##..# #..##.##........#..
.#..##..# #..##.##........#..
........#### #..##.###...#+###..
.)...).....# ....#.# #.#.#.# #..
.#..##..#### .##.##.###.#.#.# #..
.#......# .##.##.##..#.#.####.
.......... .$.......†.......#...


You could see a hobgoblin.

Vanquished Creatures
  A ball python (D:1)
  5 goblins (D:1)
  2 hobgoblins (D:1)
  A bat (D:1)
  3 frilled lizards (D:1)
  4 kobolds (D:1)
  4 rats (D:1)
20 creatures vanquished.

Notes
Turn   | Place    | Note
-------+----------+-------------------------------------------
     0 | D:1      | Macro the Halfling Enchanter began the quest for the Orb.
     0 | D:1      | Reached XP level 1. HP: 11/11 MP: 3/3
    79 | D:1      | Reached XP level 2. HP: 5/17 MP: 1/4
   371 | D:1      | Learned a level 2 spell: Ensorcelled Hibernation
   558 | D:1      | Slain by a hobgoblin

Action                   || total
-------------------------++-------
Melee: Dagger            ||    70
 Cast: Corona            ||    10
       Ensorcelled Hiber ||     4
 Stab: Sleeping          ||     4
Armor: Robe              ||    13
Dodge: Dodged            ||    52
